 Dungeon Crawl Stone Soup version 0.30-a0-1016-gfb0d676c02 (webtiles) character file.

Game seed: 1544626125789417012

43 ThatPearl the Sneak (level 3, -4/29 HPs)
             Began as a Demonspawn Delver on Apr 7, 2023.
             Was an Initiate of Dithmenos.
             Slain by a phantom (5 damage)
             ... on level 4 of the Dungeon.
             The game lasted 00:04:03 (496 turns).

ThatPearl the Sneak (Demonspawn Delver)              Turns: 496, Time: 00:04:04

Health: -4/29      AC:  3    Str: 12    XL:     3   Next: 37%
Magic:  3/3        EV: 12    Int: 13    God:    Dithmenos [......]
Gold:   70         SH:  0    Dex: 14    Spells: 2/2 levels left

rFire   . . .      SeeInvis .    a - +0 falchion
rCold   . . .      Faith    .    (no shield)
rNeg    . . .      Spirit   .    b - +0 leather armour
rPois   .          Reflect  .    (helmet restricted)
rElec   .          Rampage  .    (no cloak)
rCorr   .                        (no gloves)
Will    .....                    (no boots)
Stlth   +++                      (no amulet)
HPRegen 0.24/turn                (no ring)
MPRegen 0.08/turn                (no ring)

@: no status effects
A: antennae 1
a: Renounce Religion


You were on level 4 of the Dungeon.
You worshipped Dithmenos.
Dithmenos was noncommittal.
You visited 1 branch of the dungeon, and saw 3 of its levels.

You collected 70 gold pieces.

Inventory:

Hand Weapons
 a - a +0 falchion (weapon)
Armour
 b - a +0 leather armour (worn)
Wands
 g - a wand of digging (3)
Scrolls
 d - a scroll of magic mapping
 e - a scroll of fear
 i - 2 scrolls of identify {unknown}
Potions
 f - a potion of haste
 h - a potion of lignification {unknown}


   Skills:
 + Level 3.4 Fighting
 * Level 2.5 Long Blades
 - Level 2.0 Dodging
 - Level 4.6 Stealth
 + Level 1.3 Invocations


You had 2 spell levels left.
You didn't know any spells.
Your spell library contained the following spells:

 Spells                   Type           Power      Damage    Failure   Level
 Dazzling Flash           Conj/Hex       0%         N/A       75%         3
 Volatile Blastmotes      Fire/Tloc      0%         2d10      75%         3
 Iskenderun's Mystic Bla  Conj/Tloc      0%         2d3       98%         4
 Starburst                Conj/Fire      0%         6d3       100%        6


Dungeon Overview and Level Annotations

Branches:
Dungeon (5/15)             Temple (0/1) D:4

Altars:
Dithmenos
Gozag
Qazlal
Trog
Wu Jian


Innate Abilities, Weirdness & Mutations

You have a pair of small antennae on your head.


Message History

You hit the phantom but do no damage.
The phantom is moderately damaged.
The phantom hits you.
You hit the phantom.
The phantom is moderately damaged.
The phantom hits you.
You hit the phantom.
The phantom is heavily damaged.
The phantom hits you.
* * * LOW HITPOINT WARNING * * *
The phantom blinks!
You blink.
The phantom hits you.
* * * LOW HITPOINT WARNING * * *
The phantom blinks!
You blink.
As you read the scroll of fog, it crumbles to dust.
The scroll dissolves into smoke.
The phantom barely misses you.
You closely miss the phantom.
The phantom is heavily damaged.
The phantom barely misses you.
You miss the phantom.
The phantom is moderately damaged.
The phantom closely misses you.
You hit the phantom.
The phantom is heavily damaged.
The phantom hits you.
* * * LOW HITPOINT WARNING * * *
You barely miss the phantom.
The phantom is heavily damaged.
The phantom closely misses you.
You closely miss the phantom.
The phantom is heavily damaged.
The phantom hits you but does no damage.
You hit the phantom but do no damage.
The phantom is heavily damaged.
The phantom hits you.
* * * LOW HITPOINT WARNING * * *
The phantom misses you.
You hit the phantom but do no damage.
The phantom is heavily damaged.
The phantom hits you.
You die...

########.........#
......†.....##.>#
...####..##.##..#
#..##.##..#
#..##..#..#
#.........#
###§##§####
####...#§#########.
+........§W@§......
####...#§########..
##.##§####
#........#
#.##..##.# #. #.##
# #.##†###.#
#........#
......?..#####


You could see a phantom.

Vanquished Creatures
  A hound (D:4)
  An adder (D:4)
  A worm (D:4)
3 creatures vanquished.

Notes
Turn   | Place    | Note
-------+----------+-------------------------------------------
     0 | D:5      | ThatPearl the Demonspawn Delver began the quest for the
                  | Orb.
     0 | D:5      | Reached XP level 1. HP: 18/18 MP: 1/1
    74 | D:3      | Found a shadowy altar of Dithmenos.
    74 | D:3      | Found an opulent altar of Gozag.
    74 | D:3      | Found an ornate altar of the Wu Jian Council.
    74 | D:3      | Found a bloodstained altar of Trog.
    77 | D:3      | Found a stormy altar of Qazlal.
   100 | D:3      | Became a worshipper of Dithmenos the Shadowed
   140 | D:4      | Gained mutation: You have a pair of small antennae on your
                  | head. [demonic ancestry]
   140 | D:4      | Reached XP level 2. HP: 10/24 MP: 2/2
   298 | D:4      | Found a staircase to the Ecumenical Temple.
   336 | D:4      | Reached skill level 1 in Invocations
   336 | D:4      | Reached XP level 3. HP: 3/29 MP: 3/3
   467 | D:4      | Noticed a phantom
   495 | D:4      | HP: 1/29 [phantom (2)]
   496 | D:4      | Slain by a phantom

Illustrated notes

Levels and vault maps discovered:
D:3:      layout_basic, nicolae_overflow_hidden_temple, basic_ecumenical_altar
D:4:      layout_loops_corners, minmay_temple_entry_antechambers, serial_shops,
          nicolae_inconvenience_store, minivault_26, minmay_curled_crystal
D:5:      layout_basic

Skill      XL: |  1  2 |
---------------+-------+-----
Long Blades    | 2 |  2.5
Dodging        | 2 |  2.0
Invocations    | 1 |  1.3
Fighting       | |  3.4
Stealth        | |  4.6

Action                     || total
---------------------------++-------
  Melee: Falchion          ||    49
    Use: Scroll            ||     1
   Stab: Sleeping          ||     2
 Armour: Leather armour    ||     7
  Dodge: Dodged            ||    37

Table legend: (Time is in decaauts)
 A = Elapsed time spent in this place.
 B = Non-inter-level travel time spent in this place.
 C = Inter-level travel time spent in this place.
 D = Time resting spent in this place.
 E = Time spent auto-exploring this place.
 F = Levels seen in this place.
 G = Mean time per level.
                   A        B        C        D        E       F      G
               +--------+--------+--------+--------+--------+-----+--------+
         Total |    505 |    505 |      0 |     57 |    130 |   3 |  168.3 |
       Dungeon |    505 |    505 |      0 |     57 |    130 |   3 |  168.3 |
               +--------+--------+--------+--------+--------+-----+--------+

Top non-repeatable levels by time:
     D:4: 412 daAuts
     D:5: 62 daAuts
     D:3: 30 daAuts
